 Dungeon Crawl Stone Soup version 0.31-a0-841-g038b102fc3 (webtiles) character file.

Game seed: 14097797075799996810

15 Bravepunisher the Ducker (level 2, 0/16 HPs)
             Began as a Spriggan Monk on Sept 27, 2023.
             Slain by a quokka (3 damage)
             ... on level 4 of the Dungeon.
             The game lasted 00:02:04 (327 turns).

Bravepunisher the Ducker (Spriggan Monk)             Turns: 327, Time: 00:02:04

Health: 0/16       AC:  2    Str: 19    XL:     2   Next: 34%
Magic:  3/3        EV: 19    Int: 11    God:
Gold:   8          SH:  0    Dex: 17    Spells: 1/1 levels left

rFire   . . .        a - +0 short sword
rCold   . . .        (no shield)
rNeg    . . .        b - +0 robe
rPois   .            (helmet restricted)
rElec   .            (no cloak)
rCorr   .            (gloves unavailable)
SInv    +            (boots unavailable)
Will    .....        (no amulet)
Stlth   ++           e - +6 ring of strength
HPRegen 0.22/turn    f - +6 ring of strength
MPRegen 0.08/turn

%: no passive effects
@: very quick
A: very small, no large weapons, unfitting armour, see invisible, speed 3
a: no special abilities


You were on level 4 of the Dungeon.
You visited 1 branch of the dungeon, and saw 5 of its levels.

You collected 8 gold pieces.

Inventory:

Hand Weapons
 a - a +0 short sword (weapon)
Armour
 b - a +0 robe (worn)
Jewellery
 d - an amulet of magic regeneration
 e - a +6 ring of strength (left hand)
 f - a +6 ring of strength (right hand)
Potions
 c - a potion of ambrosia


   Skills:
 * Level 2.9 Fighting
 - Level 3.2 Short Blades
 + Level 4.4 Dodging


You had one spell level left.
You didn't know any spells.
Your spell library was empty.

Dungeon Overview and Level Annotations

Branches:
Dungeon (5/15)
 Temple: D:4-7

Altars:
Cheibriados

Shops:
D:2 (


Innate Abilities, Weirdness & Mutations

You are very small and have problems with some larger weapons.
You are too small for most types of armour.
You have supernaturally acute eyesight. (SInv)
You cover ground extremely quickly. (Speed+++)


Message History

You hit the adder.
The adder is moderately wounded.
The adder bites you but does no damage.
You hit the adder.
The adder is severely wounded.
The adder bites you.
You are poisoned.
The adder poisons you!
You closely miss the adder.
The adder is severely wounded.
You feel sick. The adder closely misses you.
You hit the adder but do no damage.
The adder is severely wounded.
You feel sick. The adder closely misses you.
You hit the adder.
The adder is severely wounded.
You feel sick. The adder barely misses you.
You hit the adder.
You kill the adder!
You feel sick.
You have reached level 2!
Okay, then.
Unknown command.
You feel sick.
You are no longer poisoned.
A quokka comes into view.
The quokka completely misses you.
You miss the quokka. The quokka barely misses you.
You hit the quokka.
The quokka is moderately wounded.
The quokka bites you.
You closely miss the quokka.
The quokka is moderately wounded.
The quokka bites you.
* * * LOW HITPOINT WARNING * * *
You barely miss the quokka.
The quokka is moderately wounded.
You hear the slow rusting of a distant drain.
The quokka bites you.
You die...

#...# ###.#####
#.S...# ######
#.###S# #<....
#.#♣♣.♣ #.###.
♣♣♣♣.♣♣ #.# #.
P♣....♣ #.# ##
♣PP..♣♣#######
#.#
♣PP.P♣S@r......
#.#
♣.P.♣♣♣########
... ♣♣♣♣ #.#


You could see a quokka and a ball python.

Vanquished Creatures
  An adder (D:4)
  A dart slug (D:3)
  An endoplasm (D:4)
  A hobgoblin (D:2)
4 creatures vanquished.

Notes
Turn   | Place    | Note
-------+----------+-------------------------------------------
     0 | D:1      | Bravepunisher the Spriggan Monk began the quest for the
                  | Orb.
     0 | D:1      | Reached XP level 1. HP: 11/11 MP: 2/2
   137 | D:2      | Found Fihuf's Weapon Shoppe.
   215 | D:4      | Noticed a sleepcap
   223 | D:5      | Entered Level 5 of the Dungeon
   223 | D:5      | Noticed a scorpion
   223 | D:5      | Noticed a wight
   250 | D:4      | Noticed an iguana
   275 | D:4      | Found a snail-covered altar of Cheibriados.
   310 | D:4      | Reached XP level 2. HP: 8/16 MP: 3/3
   327 | D:4      | Slain by a quokka

Illustrated notes

Levels and vault maps discovered:
D:1:      lightli_arrival_statue_moat, layout_basic
D:2:      minmay_spotlight, layout_loops_ring, serial_shops, shop,
          kennysheep_boxes, uniq_natasha, uniq_robin
D:3:      cheibrodos_fertilizer, layout_basic,
          nicolae_dithmenos_through_a_glass_darkly,
          shapermc_ecumenical_altar_flowoftime
D:4:      layout_loops_ring, kennysheep_mini_moat, serial_forest,
          infiniplex_forest_clump_large, infiniplex_forest_lined_2,
          infiniplex_forest_zigzag_2, infiniplex_forest_clump_small,
          infiniplex_forest_straight_4, infiniplex_forest_lined_3_way,
          infiniplex_forest_lined_4_way, infiniplex_forest_join,
          infiniplex_forest_diagonal, portal_sewer_entry_d, uniq_eustachio
D:5:      layout_loops_ring, minmay_temple_entry_hall

Action                     || total
---------------------------++-------
  Melee: Short sword       ||    32
         Punch             ||     1
 Armour: Robe              ||    11
  Dodge: Dodged            ||    31

Table legend: (Time is in decaauts)
 A = Elapsed time spent in this place.
 B = Non-inter-level travel time spent in this place.
 C = Inter-level travel time spent in this place.
 D = Time resting spent in this place.
 E = Time spent auto-exploring this place.
 F = Levels seen in this place.
 G = Mean time per level.
                   A        B        C        D        E       F      G
               +--------+--------+--------+--------+--------+-----+--------+
         Total |    212 |    212 |      0 |      0 |     27 |   5 |   42.4 |
       Dungeon |    212 |    212 |      0 |      0 |     27 |   5 |   42.4 |
               +--------+--------+--------+--------+--------+-----+--------+

Top non-repeatable levels by time:
     D:4: 99 daAuts
     D:2: 74 daAuts
     D:1: 22 daAuts
     D:3: 14 daAuts
     D:5: 1 daAuts
